 Dungeon Crawl Stone Soup version 0.23-a0-182-g58cdd98 (webtiles) character file.

14 Amnesiac the Ducker (level 2, 0/16 HPs)
             Began as a Spriggan Monk on Sept 20, 2018.
             Slain by a phantom (4 damage)
             ... on level 4 of the Dungeon.
             The game lasted 00:05:01 (952 turns).

Amnesiac the Ducker (Spriggan Monk)                  Turns: 952, Time: 00:05:02

Health: 0/16       AC:  2    Str:  7    XL:     2   Next: 27%
Magic:  3/3        EV: 20    Int: 11    God:
Gold:   79         SH:  0    Dex: 18    Spells: 1/1 levels left

rFire    . . .     SeeInvis +   a - +0 short sword
rCold    . . .     Gourm    .   (shield restricted)
rNeg     . . .     Faith    .   l - +0 robe
rPois    +         Spirit   .   (helmet restricted)
rElec    .         Reflect  .   (no cloak)
rCorr    .         Harm     .   (gloves unavailable)
MR       +....                  (boots unavailable)
Stlth    ++........             (no amulet)
HPRegen  0.05/turn              h - ring of protection from magic
MPRegen  0.08/turn              k - ring of poison resistance

@: very quick
A: very small, unfitting armour, see invisible, herbivore, speed 3, slow
metabolism 2
a: no special abilities


You were on level 4 of the Dungeon.
You were full.

You visited 1 branch of the dungeon, and saw 5 of its levels.

You collected 79 gold pieces.

Inventory:

Hand Weapons
 a - a +0 short sword (weapon)
 b - a +1 hunting sling
Missiles
 n - 27 stones (quivered)
Armour
 l - a +0 robe (worn)
Jewellery
 h - a ring of protection from magic (left hand)
 k - a ring of poison resistance (right hand)
Wands
 e - a wand of polymorph (10)
Scrolls
 g - a scroll of remove curse {!r}
Potions
 f - a potion of magic {!q}
 j - a potion of curing {!q}
Comestibles
 m - 2 rations


   Skills:
 - Level 2.4 Fighting
 * Level 3.8 Short Blades
 + Level 4.7 Dodging
 - Level 3.0 Stealth
 + Level 0.7 Evocations


You had one spell level left.
You didn't know any spells.
Your spell library was empty.

Dungeon Overview and Level Annotations

Branches:
Dungeon (5/15)
 Temple: D:4-7

Altars:
Ashenzari
Dithmenos

Annotations:
D:3 Ijyb, Terence


Innate Abilities, Weirdness & Mutations

You are very small and have problems with some larger weapons.
You are too small for most types of armour.
You have supernaturally acute eyesight. (SInv)
You are a herbivore.
You cover ground extremely quickly.
You need to consume almost no food.


Message History

Aiming: Polymorph
Press: ? - help, Shift-Dir - straight line, f - Robin
Aim: Robin, wielding a club, wearing an animal skin and wearing a helmet Robin resists with significant effort.
Evoke which item? (* to show all) (? for menu, Esc to quit)
Aiming: Polymorph
Press: ? - help, Shift-Dir - straight line, f/p - Robin
Aim: Robin, wielding a club, wearing an animal skin and wearing a helmet Robin evaporates and reforms as a giant cockroach!
You hit Robin.
Robin is moderately wounded.
Robin closely misses you.
You closely miss Robin.
Robin is moderately wounded.
Robin bites you.
* * * LOW HITPOINT WARNING * * *
You closely miss Robin.
Robin is moderately wounded.
Robin closely misses you.
You hit Robin.
Robin is heavily wounded.
Robin completely misses you.
You barely miss Robin.
Robin is heavily wounded.
Robin misses you.
Robin waves its antennae.
Robin bites you.
* * * LOW HITPOINT WARNING * * *
You hit Robin but do no damage.
Robin is heavily wounded.
Robin misses you.
You hit Robin.
You kill Robin!
Robin returns to her original shape as she dies.
The goblin shouts!
The hobgoblin shouts!
You hear a shout! x2
The goblin shouts!
You see here the hobgoblin corpse of Robin.
The hobgoblin shouts!
The goblin shouts!
The goblin wields a hunting sling.
The goblin shoots a stone.
The stone hits you.
* * * LOW HITPOINT WARNING * * *
You hear a shout!
Items here: ( ) [[ a stone; a club; an animal skin; a helmet
Okay, then.
The goblin no longer looks unusually strong.
You see here the hobgoblin corpse of Robin.
Really read
i - a scroll of identify {!r}?
As you read the scroll of identify {!r}, it crumbles to dust.
f - a potion of magic {!q} Really read
o - a scroll labeled IHOYTW KUHA {!r}?
As you read the scroll labeled IHOYTW KUHA {!r}, it crumbles to dust.
The scroll dissolves into smoke.
It was a scroll of fog {!r}.
Really read
d - a scroll labeled OGUEDDOTYI {!r}?
As you read the scroll labeled OGUEDDOTYI {!r}, it crumbles to dust.
It is a scroll of enchant weapon.
Your +0 hunting sling glows red for a moment.
There is a stone staircase leading down here.
Really read
c - a scroll labeled UGAHEOCWEPN {!r}?
As you read the scroll labeled UGAHEOCWEPN {!r}, it crumbles to dust.
You assume a fearsome visage.
The hobgoblin looks frightened!
The orc looks frightened!
It was a scroll of fear {!r}.
The phantom hits you.
You die...

#.....###............
#....[.o.............
#......##......##.a..
#.....###o........#.. ###..##
#.....###.###
##.####.....##..###
#......###........ #W.#####
#.#..#### ###@.## ###.## #
#.....#### #.# #
##.###....#####.# # #..#
####...a..†# # #.##
######..####. #.# ##....#.
#########.## ##.......
#..........# ########........
#..........###.....#......#..


You could see a phantom.

Vanquished Creatures
  A ball python (D:2)
  2 giant cockroaches
  A hobgoblin (D:2)
  2 jackals (D:2)
  2 quokkas
  A bat (D:2)
  A goblin (D:2)
  A kobold (D:3)
  A rat (D:3)
12 creatures vanquished.

Notes
Turn   | Place    | Note
-------+----------+-------------------------------------------
     0 | D:1      | Amnesiac the Spriggan Monk began the quest for the Orb.
     0 | D:1      | Reached XP level 1. HP: 11/11 MP: 2/2
   235 | D:2      | Reached XP level 2. HP: 10/16 MP: 3/3
   307 | D:2      | Noticed a crimson imp
   576 | D:3      | Noticed Terence
   618 | D:3      | Noticed Ijyb
   619 | D:3      | Noticed Ijyb
   619 | D:3      | Ijyb changed into Ijyb the bullfrog
   647 | D:3      | Found a shattered altar of Ashenzari.
   666 | D:4      | Noticed Robin
   670 | D:5      | Entered Level 5 of the Dungeon
   687 | D:5      | Found a shadowy altar of Dithmenos.
   707 | D:5      | Noticed an ice beast
   789 | D:4      | Noticed a phantom
   829 | D:4      | Noticed a scorpion
   904 | D:4      | Noticed Robin
   904 | D:4      | Robin changed into Robin the giant cockroach
   911 | D:4      | Killed Robin the giant cockroach
   952 | D:4      | Slain by a phantom

Vault maps used:
D:1:      dpeg_arrival_stonehenge_12_columns
D:2:      first_ration, minmay_misc_feat_columns
D:3:      ashenzari_conservatory_becter, lemuel_crystal_altar,
          grunt_ministairs_6, uniq_terence, uniq_grinder, uniq_ijyb
D:4:      minmay_temple_entry_mist, uniq_robin
D:5:      nicolae_dithmenos_shadow_blocks, yredelemnul_altar_generic,
          portal_sewer_entry_d, nicolae_ossuary_entry_giza,
          uniq_crazy_yiuf_cottage, uniq_menkaure

Action                   || total
-------------------------++-------
Melee: Short sword       ||    65
Evoke: Wand              ||     3
  Use: Scroll            ||     7
 Stab: Sleeping          ||     2
  Eat: Ration            ||     2
Armor: Robe              ||     4
Dodge: Dodged            ||    66

Table legend:
 A = Non-vault XP
 B = Vault XP
 C = Vault XP percentage of total XP
 D = Non-vault monster count
 E = Vault monster count
 F = Vault count percentage of total count
                 A         B        C        D         E       F
            +---------+---------+-------+---------+---------+-------
      Total |      18 |       2 |  10.0 |      11 |       1 |   8.3
            +---------+---------+-------+---------+---------+-------
        D:2 |      12 |       0 |   0.0 |       7 |       0 |   0.0
        D:3 |       4 |       0 |   0.0 |       3 |       0 |   0.0
        D:4 |       2 |       2 |  50.0 |       1 |       1 |  50.0
            +---------+---------+-------+---------+---------+-------
